 Dungeon Sprint DCSS version 0.28-a0-410-gbef64dd269 (webtiles) character file.

Game seed: 2857002999787134576

10 Zeld the Chopper (level 2, 0/28 HPs)
             Began as a Minotaur Berserker on Sept 6, 2021.
             Was a Believer of Trog.
             Slain by a neqoxec (13 damage)
             ... in the Dungeon (Sprint II: "The Violet Keep of Menkaure").
             The game lasted 00:00:22 (209 turns).

Zeld the Chopper (Minotaur Berserker)                Turns: 209, Time: 00:00:23

Health: 0/28       AC:  2    Str: 21    XL:     2   Next: 10%
Magic:  0/0        EV: 12    Int:  2    God:    Trog [**....]
Gold:   243        SH:  0    Dex:  9    Spells: 1/1 levels left

rFire   . . .      SeeInvis .   a - +0 hand axe
rCold   . . .      Faith    .   (no shield)
rNeg    . . .      Spirit   .   b - +0 animal skin
rPois   .          Reflect  .   (helmet restricted)
rElec   .          Harm     .   (no cloak)
rCorr   .          Rampage  .   (no gloves)
Will    .....      NoTele   +   (no boots)
Stlth   +.........              (no amulet)
HPRegen 0.09/turn               (no ring)
MPRegen 0.07/turn               (no ring)

@: no status effects
A: horns 2, retaliatory headbutt, dopey 1, low mp 1
a: Renounce Religion, Berserk, Trog's Hand


You were in the Dungeon.
You worshipped Trog.
Trog was pleased with you.
You visited 1 branch You collected 243 gold pieces.

Inventory:

Hand Weapons
 a - a +0 hand axe (weapon)
Armour
 b - a +0 animal skin (worn)
Scrolls
 h - a scroll of blinking
Potions
 c - a potion of curing
 d - a potion of heal wounds
 e - a potion of haste
 f - 2 potions of magic
 g - a potion of berserk rage


   Skills:
 * Level 4.6 Fighting
 * Level 4.7 Axes
 + Level 3.1 Armour
 + Level 2.8 Dodging


You had one spell level left.
You didn't know any spells.
Your spell library was empty.

Dungeon Overview and Level Annotations

Branches:
Dungeon (1/1)

Altars:


Innate Abilities, Weirdness & Mutations

You have a pair of horns on your head.
You reflexively headbutt those who attack you in melee.
You are dopey. (Int -2)
Your magical capacity is low. (-10% MP)


Message History

You see here a worm corpse.
There is an open door, spattered with blood here.
You see here a worm corpse.
You open the door.
A neqoxec comes into view.
The neqoxec shouts!
You hear a shout! x2
The neqoxec gestures at you.
Strange energies course through your body.
You feel stupid.
You hear a shout!
You close the door.
You start waiting.
A neqoxec comes into view.
The neqoxec shouts!
The neqoxec gestures at you.
Something tries to feed on your intellect!
You close the door, pushing everything out of the way.
You start waiting.
A neqoxec opens the door.
A neqoxec is nearby!
You hit the neqoxec. You headbutt the neqoxec.
The neqoxec is lightly wounded.
Something unseen opens the door.
The neqoxec misses you. You furiously retaliate!
You headbutt the neqoxec. You closely miss the neqoxec.
The neqoxec is moderately wounded.
The neqoxec gestures at you.
Strange energies course through your body.
You feel less energetic.
You hit the neqoxec.
The neqoxec is moderately wounded.
The neqoxec hits you.
You barely miss the neqoxec.
The neqoxec is moderately wounded.
The neqoxec hits you!
Ouch! That really hurt!
You hit the neqoxec but do no damage. Your headbutt misses the neqoxec.
The neqoxec is moderately wounded.
The neqoxec hits you!
You die...

#+##
###..##
#.##†.#
#
##†#†##
#3
##3##
#.##@##
#'.<.+
###.##
#+#


You could see a neqoxec.

Vanquished Creatures
  3 worms (D)
3 creatures vanquished.

Notes
Turn   | Place    | Note
-------+----------+-------------------------------------------
     0 | D        | Zeld the Minotaur Berserker began the quest for the Orb.
     0 | D        | Reached XP level 1. HP: 19/19 MP: 0/0
    11 | D        | Reached ** piety under Trog
    12 | D        | Reached XP level 2. HP: 28/28 MP: 1/1
   145 | D        | Noticed a neqoxec
   145 | D        | Gained mutation: You are dopey. (Int -2) [a neqoxec]
   200 | D        | Noticed a neqoxec
   206 | D        | Gained mutation: Your magical capacity is low. (-10% MP) [a
                  | neqoxec]
   209 | D        | Slain by a neqoxec

Illustrated notes

Levels and vault maps discovered:
D:        the_violet_keep_of_menkaure [sprint2_stairs_cluster_1,
          sprint2_shoproom, sprint2_temple, sprint2_basic_supplies,
          sprint2_obstacle_5, sprint2_obstacle_4, sprint2_obstacle_1,
          sprint2_obstacle_6, sprint2_obstacle_2, sprint2_timed_cluster_1,
          sprint2_smallroom_cluster_1, sprint2_smallroom_final_cluster_1,
          sprint2_transparent_cluster_1, sprint2_second_timed_cluster_1,
          sprint2_sniper_area_1, sprint2_heavy_combat_area_1,
          sprint2_mutation_trap_area_1, sprint2_forest_area_1,
          sprint2_light_combat_area_1, sprint2_behind_water_1,
          sprint2_near_end_vault_1]

Skill      XL: |  1 |
---------------+----+-----
Fighting       | 4 |  4.6
Axes           | 4 |  4.7
Armour         | 3 |  3.1
Dodging        | |  2.8

Action                   || total
-------------------------++-------
Melee: Hand axe          ||    10
       Headbutt          ||     2
Invok: Berserk           ||     1
Dodge: Dodged            ||     5

Table legend: (Time is in decaauts)
 A = Elapsed time spent in this place.
 B = Non-inter-level travel time spent in this place.
 C = Inter-level travel time spent in this place.
 D = Time resting spent in this place.
 E = Time spent auto-exploring this place.
 F = Levels seen in this place.
 G = Mean time per level.
                   A        B        C        D        E       F      G
               +--------+--------+--------+--------+--------+-----+--------+
         Total |    218 |    218 |      0 |    189 |      0 |   1 |  218.0 |
       Dungeon |    218 |    218 |      0 |    189 |      0 |   1 |  218.0 |
               +--------+--------+--------+--------+--------+-----+--------+

Top non-repeatable levels by time:
       D: 218 daAuts
